 Dungeon Crawl Stone Soup version 0.27-a0-1136-g0b992a5a9d (webtiles) character file.

Game seed: 18378567893768850275

3120 robertstho the Thaumaturge (level 9, -10/46 HPs)
             Began as a Deep Elf Fire Elementalist on May 5, 2021.
             Was an Initiate of Sif Muna.
             Hit by a large rock thrown by a cyclops (19 damage)
             ... on level 7 of the Dungeon.
             The game lasted 00:19:10 (10009 turns).

robertstho the Thaumaturge (DEFE)                  Turns: 10009, Time: 00:19:10

Health: -10/46     AC:  4    Str:  5    XL:     9   Next: 60%
Magic:  4/25       EV: 13    Int: 30    God:    Sif Muna [......]
Gold:   434        SH:  5    Dex: 15    Spells: 15/28 levels left

rFire    . . .     SeeInvis .   N - +6 hunting sling "Poedaocu" {flame, +Blink Stlth+}
rCold    . . .     Faith    .   (no shield)
rNeg     . . .     Spirit   .   a - +0 robe
rPois    .         Reflect  +   t - +0 helmet
rElec    .         Harm     .   (no cloak)
rCorr    .         Rampage  .   s - +0 pair of gloves
Will     .....                  (no boots)
Stlth    +++.......             g - amulet of reflection
HPRegen  0.15/turn              K - ring of wizardry
MPRegen  0.19/turn              L - +6 ring of intelligence

@: no status effects
A: no striking features
a: Renounce Religion, Evoke Blink


You were on level 7 of the Dungeon.
You worshipped Sif Muna.
Sif Muna was noncommittal.
You visited 2 branches of the dungeon, and saw 8 of its levels.
You also visited: Ossuary.

You collected 500 gold pieces.
You spent 66 gold pieces at shops.

Inventory:

Hand Weapons
 d - a +0 short sword
 C - a +0 whip of electrocution
 G - a +2 dagger of holy wrath
 N - the +6 hunting sling "Poedaocu" (weapon) {flame, +Blink Stlth+}
   (You found it on level 6 of the Dungeon)

   It causes projectiles fired from it to burn those they strike, causing extra
   injury to most foes and up to half again as much damage against particularly
   susceptible opponents.
   It lets you blink.
   It makes you more stealthy.
Missiles
 n - 7 curare-tipped darts
 O - 318 stones (quivered ammo)
 Q - 37 sling bullets
Armour
 a - a +0 robe (worn)
 s - a +0 pair of gloves (worn)
 t - a +0 helmet (worn)
Jewellery
 g - an amulet of reflection (around neck)
 k - a ring of ice
 x - a ring of fire
 y - an amulet of the acrobat
 H - a ring of ice
 K - a ring of wizardry (left hand)
 L - a +6 ring of intelligence (right hand)
Wands
 l - a wand of iceblast (6)
 r - a wand of flame (15)
 B - a wand of polymorph (7)
 R - a wand of mindburst (12)
Scrolls
 p - a scroll of holy word {unknown}
 q - 2 scrolls of fog {unknown}
 w - 2 scrolls of blinking {unknown}
 A - 2 scrolls of fear {unknown}
 D - 2 scrolls of enchant weapon
 E - a scroll of enchant armour {unknown}
 F - a scroll of vulnerability {unknown}
 I - 2 scrolls of magic mapping
 J - a scroll of identify
 P - 3 scrolls of teleportation
Potions
 b - a potion of brilliance {unknown}
 c - a potion of heal wounds
 e - 6 potions of curing {unknown}
 f - 5 potions of haste
 h - 3 potions of attraction {unknown}
 i - 2 potions of mutation
 j - a potion of cancellation {unknown}
 m - 2 potions of invisibility
 o - 3 potions of lignification
 u - 2 potions of flight {unknown}
 v - 3 potions of magic {unknown}
 z - a potion of resistance {unknown}
 M - a potion of ambrosia {unknown}


   Skills:
 + Level 0.5 Fighting
 + Level 0.1 Maces & Flails
 + Level 1.3 Slings
 + Level 2.8 Dodging
 + Level 3.4 Stealth
 + Level 0.2 Shields
 * Level 10.4 Spellcasting
 * Level 8.4 Conjurations
 * Level 8.5 Fire Magic
 * Level 1.5 Invocations


You had 15 spell levels left.
You knew the following spells:

 Your Spells              Type           Power      Damage    Failure   Level
a - Foxfire               Conj/Fire      100%       2x1d9     1%          1
b - Conjure Flame         Conj/Fire      61%        6-21      1%          3
c - Sticky Flame          Conj/Fire      61%        2d8       1%          4
d - Fireball              Conj/Fire      30%        3d13      1%          5

Your spell library contained the following spells:

 Spells                   Type           Power      Damage    Failure   Level
 Magic Dart               Conj           100%       1d8       1%          1
 Sandblast                Erth           30%        2d9       1%          1
 Blink                    Tloc           N/A        N/A       1%          2
 Call Imp                 Summ           15%        N/A       1%          2
 Passwall                 Tmut/Erth      12%        N/A       1%          2
 Searing Ray              Conj           100%       3d7       1%          2
 Slow                     Hex            15%        N/A       1%          2
 Dazzling Flash           Conj/Hex       80%        N/A       1%          3
 Inner Flame              Hex/Fire       41%        N/A       1%          3
 Mephitic Cloud           Conj/Pois/Air  32%        N/A       1%          3
 Stone Arrow              Conj/Erth      80%        3d12      1%          3
 Fulminant Prism          Conj/Hex       20%        3d13      2%          4
 Iskenderun's Mystic Bla  Conj/Tloc      40%        2d9       2%          4
 Confusing Touch          Hex            15%        N/A       4%          3
 Gell's Gravitas          Tloc           7%         N/A       4%          3
 Petrify                  Tmut/Erth      15%        N/A       13%         4
 Lee's Rapid Deconstruct  Erth           7%         3d8*      34%         5
 Metabolic Englaciation   Hex/Ice        7%         N/A       34%         5
 Yara's Violent Unravell  Hex/Tmut       7%         3d5       34%         5


Dungeon Overview and Level Annotations

Branches:
Dungeon (7/15)             Temple (1/1) D:5         Ossuary (visited)

Altars:
Ashenzari
Cheibriados
Dithmenos
Fedhas
Kikubaaqudgha
Makhleb
Nemelex Xobeh
Okawaru
Qazlal
Ru
Sif Muna
Trog
Uskayaw
Vehumet
Wu Jian
Yredelemnul
Zin
The Shining One

Shops:
D:1 ?   D:5 (


Message History

Aim: a howler monkey (almost dead)
The fireball explodes!
The fireball engulfs the howler monkey!!
You kill the howler monkey!
Sif Muna accepts your kill.
A cyclops comes into view.
A cyclops is nearby!
A cyclops is nearby!
A cyclops is nearby!
A cyclops is nearby!
A cyclops is nearby!
A cyclops is nearby!
Casting: Fireball (dangerous; 1% risk of failure)
Confirm with . or Enter, or press ? or * to list all spells.
You don't know that spell.
Casting: Fireball (dangerous; 1% risk of failure)
Confirm with . or Enter, or press ? or * to list all spells.
Aiming: Fireball (dangerous; 1% risk of failure)
Press: ? - help, Shift-Dir - straight line The fireball explodes!
The fireball engulfs the cyclops!!
The cyclops is heavily wounded.
Unknown command.
Casting: Fireball (dangerous; 1% risk of failure)
Confirm with . or Enter, or press ? or * to list all spells.
Aiming: Fireball (dangerous; 1% risk of failure)
Press: ? - help, Shift-Dir - straight line The fireball explodes!
The fireball engulfs the cyclops!
The cyclops is heavily wounded.
The cyclops throws a large rock.
The large rock hits you!!!
Ouch! That really hurt!
* * * LOW HITPOINT WARNING * * *
Unknown command.
Casting: Fireball (dangerous; 1% risk of failure)
Confirm with . or Enter, or press ? or * to list all spells.
Aiming: Fireball (dangerous; 1% risk of failure)
Press: ? - help, Shift-Dir - straight line The fireball explodes!
The fireball engulfs the cyclops!!
The cyclops is almost dead.
The cyclops throws a large rock.
The large rock hits you!!
You die...

.##.## #..# # .#
### #..# # .#
####### C.# #..#
## .####≈≈≈≈≈##
#.# #..###.
...#≈≈≈≈≈≈≈# #.#
#....#.
..##≈≈...≈≈# #.#
#......
#.##≈≈._.≈≈# #.#
###......
#.##≈≈...≈≈#
#.########.....#.#
...#≈≈≈.≈≈≈#
#@........."......
#.###≈≈.≈≈##
##########.###.###
..#.###'###
#.###.# ....# #.#
#..##.# ..).# #.#
##.##.# ..))###.#
##### #.##.# #
..#)##.## #...#
#.##.# # #.#.#.##
###.#.### #.##.# #
##...##
#...#...#####.##.#
#


You could see a cyclops.

Vanquished Creatures
  Prince Ribbit (D:7)
  A vampire (D:5)
  A vampire mosquito (D:5)
  A black bear (D:5)
  An ice beast (D:5)
  2 orc warriors
  A hornet zombie (D:7)
  A sky beast (D:5)
  3 necrophages
  A centaur (D:7)
  2 phantoms
  3 bullfrogs (D:6)
  A scorpion (D:4)
  2 wyvern zombies (D:7)
  2 water moccasin skeletons (D:5)
  2 howler monkeys
  A centaur zombie (D:5)
  3 jellies
  A bullfrog zombie (D:5)
  3 hounds
  2 gnoll shamans
  An orc priest (D:6)
  A centaur skeleton (D:6)
  3 iguanas
  5 orc wizards
  2 hound skeletons
  8 mummies (Ossuary)
  Robin (D:3)
  8 adders
  16 gnolls
  A howler monkey skeleton (D:6)
  2 ufetubi
  An adder skeleton (D:4)
  2 worms
  3 dart slugs
  22 orcs
  11 endoplasms
  3 giant cockroaches
  17 goblins
  8 hobgoblins
  7 jackals
  7 kobolds
  6 quokkas
  9 ball pythons
  5 bats
  A frilled lizard (D:1)
  A gnoll zombie (Ossuary)
  2 hobgoblin zombies (Ossuary)
  3 kobold zombies (Ossuary)
  2 orc zombies (Ossuary)
  3 rats
196 creatures vanquished.

Vanquished Creatures (others)
  814 foxfires
814 creatures vanquished.

Grand Total: 1010 creatures vanquished

Notes
Turn   | Place    | Note
-------+----------+-------------------------------------------
     0 | D:1      | robertstho the Deep Elf Fire Elementalist began the quest
                  | for the Orb.
     0 | D:1      | Reached XP level 1. HP: 10/10 MP: 6/6
   227 | D:1      | Reached XP level 2. HP: 15/15 MP: 1/8
   289 | D:1      | Found Zihuepigi's Magic Scroll Shop.
   858 | D:1      | Reached XP level 3. HP: 19/19 MP: 7/10
  1568 | D:2      | Learned a level 3 spell: Conjure Flame
  1813 | D:2      | Reached skill level 4 in Spellcasting
  1927 | D:2      | Reached XP level 4. HP: 24/24 MP: 3/12
  2516 | D:3      | Learned a level 4 spell: Sticky Flame
  2733 | D:3      | Reached XP level 5. HP: 22/28 MP: 9/13
  2739 | D:3      | Learned a level 5 spell: Fireball
  2955 | D:3      | Found a glowing silver altar of Zin.
  3116 | D:3      | Found a bloodstained altar of Trog.
  3309 | D:3      | Noticed Robin
  3394 | D:3      | Reached skill level 5 in Spellcasting
  3415 | D:3      | Killed Robin
  3663 | D:3      | Reached XP level 6. HP: 29/32 MP: 10/16
  3845 | D:1      | Bought a scroll of identify for 22 gold pieces
  3845 | D:1      | Bought a scroll of identify for 22 gold pieces
  3845 | D:1      | Bought a scroll of identify for 22 gold pieces
  4653 | D:4      | Reached skill level 6 in Spellcasting
  4801 | D:4      | Reached skill level 5 in Fire Magic
  4884 | D:4      | Reached XP level 7. HP: 36/36 MP: 13/18
  5024 | D:4      | Reached skill level 5 in Conjurations
  5309 | D:5      | Entered Level 5 of the Dungeon
  5318 | D:5      | Reached skill level 7 in Spellcasting
  5320 | D:5      | Found a staircase to the Ecumenical Temple.
  5329 | Temple   | Entered the Ecumenical Temple
  5469 | D:5      | Found a sand-covered staircase.
  5481 | Ossuary  | Entered an ossuary
  6042 | D:5      | Reached XP level 8. HP: 41/41 MP: 12/21
  6112 | D:5      | Reached skill level 8 in Spellcasting
  6494 | D:5      | Found Limucok's Weapon Shop.
  6917 | D:6      | Reached skill level 9 in Spellcasting
  7488 | D:6      | Identified the +6 hunting sling "Poedaocu" {flame, +Blink
                  | Stlth+}
  7852 | D:6      | Found an iron altar of Okawaru.
  8067 | D:5      | Reached XP level 9. HP: 41/45 MP: 9/24
  8872 | D:7      | Noticed Prince Ribbit
  8881 | D:7      | Killed Prince Ribbit
  8882 | D:7      | Reached skill level 10 in Spellcasting
  8988 | D:7      | Found a shimmering blue altar of Sif Muna.
  9172 | D:7      | Became a worshipper of Sif Muna the Loreminder
  9401 | D:7      | Found a stormy altar of Qazlal.
  9463 | D:7      | Reached skill level 1 in Slings
  9582 | D:7      | Found a sacrificial altar of Ru.
  9634 | D:7      | Reached skill level 1 in Invocations
 10006 | D:7      | Noticed a cyclops
 10009 | D:7      | Hit by a large rock thrown by a cyclops

Illustrated notes

Levels and vault maps discovered:
D:1:      dpeg_arrival_more_subterranean_lakeside_camping, layout_basic,
          serial_shops, nicolae_shop_competitors_out_of_business
D:2:      layout_rooms, minmay_ruptured
D:3:      layout_loops_ring, overflow_temple_1_default, lemuel_doored_altar,
          uniq_robin
D:4:      layout_loops_corners, dk_vineyard_1
D:5:      layout_gridville, minmay_temple_entry_purple_smoke,
          nicolae_ossuary_entry_ruins, serial_shops, shop_fountains,
          minmay_small_thing
D:6:      layout_basic, okawaru_altar_gauntlet_db, minmay_misc_feat_ornament,
          minmay_misc_feat_rugged
D:7:      layout_loops_ring, kennysheep_mini, led_sif_pool,
          lemuel_coloured_pillars_altar, uniq_prince_ribbit1
Temple:   nicolae_temple_hex_pool

Skill      XL: |  1  2  3  4  5  6  7  8  9 |
---------------+----------------------------+-----
Fire Magic     | 4 5 6 8 |  8.5
Spellcasting   | 4 5 6 7 9 10 | 10.4
Conjurations   | 2 3 4 5 7 8 |  8.4
Stealth        | 3 |  3.4
Slings         | 1 |  1.3
Invocations    | 1 |  1.5
Fighting       | |  0.5
Maces & Flails | |  0.1
Dodging        | |  2.8
Shields        | |  0.2

Action                   |  1- 3 |  4- 6 |  7- 9 || total
-------------------------+-------+-------+-------++-------
Melee: Whip              |       |       |     4 ||     4
 Fire: Hunting sling     |       |       |    37 ||    37
 Cast: Foxfire           |   115 |   172 |   200 ||   487
       Sticky Flame      |       |     3 |    18 ||    21
       Fireball          |       |       |    15 ||    15
  Use: Scroll            |     5 |     4 |     3 ||    12
       Potion            |       |       |     2 ||     2
Armor: Robe              |     1 |     3 |     9 ||    13
Dodge: Dodged            |     4 |     6 |    31 ||    41
Block: Other             |       |     2 |     9 ||    11
       Reflection        |       |       |     2 ||     2

Table legend: (Time is in decaauts)
 A = Elapsed time spent in this place.
 B = Non-inter-level travel time spent in this place.
 C = Inter-level travel time spent in this place.
 D = Time resting spent in this place.
 E = Time spent auto-exploring this place.
 F = Levels seen in this place.
 G = Mean time per level.
                   A        B        C        D        E       F      G
               +--------+--------+--------+--------+--------+-----+--------+
         Total |  10022 |   9386 |    636 |    663 |   7417 |   9 | 1113.6 |
       Dungeon |   9551 |   8935 |    616 |    562 |   7146 |   7 | 1364.4 |
        Temple |    116 |     96 |     20 |      0 |     96 |   1 |  116.0 |
       Ossuary |    353 |    353 |      0 |    101 |    175 |   1 |  353.0 |
               +--------+--------+--------+--------+--------+-----+--------+

Top non-repeatable levels by time:
     D:1: 1682 daAuts
     D:3: 1468 daAuts
     D:4: 1416 daAuts
     D:7: 1336 daAuts
     D:5: 1328 daAuts
     D:6: 1308 daAuts
     D:2: 1010 daAuts
 Ossuary: 353 daAuts
  Temple: 116 daAuts
